 Dungeon Crawl Stone Soup version 0.28-a0-563-gf77a47075d (webtiles) character file.

Game seed: 16088018153890251944

9716 Gwenloh the Destroyer (level 11, -5/99 HPs)
             Began as a Naga Conjurer on Sept 29, 2021.
             Was an Elder of Cheibriados.
             Splashed by a brown ugly thing's acid (10 damage)
             ... on level 10 of the Dungeon on Oct 1, 2021.
             The game lasted 01:36:02 (15969 turns).

Gwenloh the Destroyer (Naga Conjurer)              Turns: 15969, Time: 01:36:04

Health: -5/99      AC:  8    Str: 26    XL:     11   Next: 50%
Magic:  14/23      EV: 10    Int: 31    God:    Cheibriados [****..]
Gold:   658        SH:  0    Dex: 20    Spells: 7/26 levels left

rFire   . . .      SeeInvis +   u - +4 dagger (elec)
rCold   . . .      Faith    .   (no shield)
rNeg    . . .      Spirit   .   v - +0 steam dragon scales
rPois   +          Reflect  .   a - +0 helmet
rElec   .          Harm     .   i - +0 cloak
rCorr   .          Rampage  .   (no gloves)
Will    +....                   (no barding)
Stlth   +++.......              (no amulet)
HPRegen 0.26/turn               E - +6 ring of strength
MPRegen 0.18/turn               (no ring)

@: very slow
A: AC +3, large, see invisible, deformed body, poison resistance, slowness 2,
spit poison 1, naga tail 1
a: Spit Poison, Renounce Religion, Bend Time, Temporal Distortion, Slouch


You were on level 10 of the Dungeon.
You worshipped Cheibriados.
Cheibriados was greatly pleased with you.
You visited 2 branches of the dungeon, and saw 11 of its levels.

You collected 748 gold pieces.
You spent 90 gold pieces at shops.

Inventory:

Hand Weapons
 c - a +0 dagger
 s - a +3 dagger
 u - a +4 dagger of electrocution (weapon)
 F - a +1 vorpal shortbow
Missiles
 r - a throwing net
 G - 65 arrows
Armour
 a - a +0 helmet (worn)
 f - a +1 robe of cold resistance
 i - a +0 cloak (worn)
 v - +0 steam dragon scales (worn)
 x - a +0 troll leather armour
Jewellery
 n - a ring of fire
 E - a +6 ring of strength (left hand)
Wands
 b - a wand of flame (4)
 k - a wand of acid (5)
 m - a wand of mindburst (26)
 p - a wand of paralysis (9)
 y - a wand of charming (5)
 B - a wand of digging (6)
Scrolls
 g - 2 scrolls of magic mapping
 h - 3 scrolls of teleportation
 j - a scroll of holy word {unknown}
 l - a scroll of fog {unknown}
 o - a scroll of enchant weapon {unknown}
 w - a scroll of fear
 C - a scroll of enchant armour {unknown}
 D - a scroll of silence {unknown}
Potions
 d - 3 potions of curing
 e - a potion of flight {unknown}
 q - 4 potions of brilliance {unknown}
 t - 3 potions of magic {unknown}
 z - a potion of mutation {unknown}
 A - a potion of berserk rage {unknown}
 H - a potion of might {unknown}


   Skills:
 + Level 6.8 Fighting
 - Level 1.5 Dodging
 - Level 3.0 Stealth
 + Level 8.1 Spellcasting
 * Level 12.7 Conjurations
 + Level 7.5 Invocations


You had 7 spell levels left.
You knew the following spells:

 Your Spells              Type           Power      Damage    Failure   Level
a - Magic Dart            Conj           100%       1d8       1%          1
b - Searing Ray           Conj           100%       2d8       1%          2
c - Iskenderun's Mystic   Conj/Tloc      51%        2d11      3%          4
d - Iskenderun's Battles  Conj           75%        2d12      1%          5
e - Dazzling Flash        Conj/Hex       100%       N/A       1%          3
f - Fulminant Prism       Conj/Hex       25%        3d14      3%          4

Your spell library contained the following spells:

 Spells                   Type           Power      Damage    Failure   Level
 Shock                    Conj/Air       100%       1d9       1%          1
 Conjure Flame            Conj/Fire      51%        6-21      1%          3
 Stone Arrow              Conj/Erth      100%       3d13      1%          3
 Sticky Flame             Conj/Fire      51%        2d7       3%          4
 Fireball                 Conj/Fire      25%        3d11      9%          5
 Call Canine Familiar     Summ           12%        N/A       12%         3
 Frozen Ramparts          Ice            24%        1d4       12%         3
 Ignite Poison            Fire/Tmut/Pois 12%        N/A       12%         3
 Portal Projectile        Hex/Tloc       24%        N/A       12%         3
 Swiftness                Air            12%        N/A       12%         3
 Orb of Destruction       Conj           37%        9d13      19%         7
 Airstrike                Air            6%         N/A       36%         4
 Animate Armour           Summ/Erth      24%        N/A       36%         4
 Ice Form                 Ice/Tmut       12%        N/A       36%         4
 Leda's Liquefaction      Hex/Erth       6%         N/A       36%         4
 Summon Ice Beast         Ice/Summ       12%        N/A       36%         4
 Conjure Ball Lightning   Conj/Air       25%        3x3d7     41%         6
 Blade Hands              Tmut           6%         N/A       73%         5
 Excruciating Wounds      Necr           6%         N/A       73%         5
 Lehudib's Crystal Spear  Conj/Erth      25%        10d7      100%        8


Dungeon Overview and Level Annotations

Branches:
Dungeon (10/15)            Temple (1/1) D:5
   Lair: D:8-11         Orc: D:9-12

Altars:
Ashenzari
Cheibriados
Dithmenos
Elyvilon
Fedhas
Gozag
Hepliaklqana
Kikubaaqudgha
Makhleb
Nemelex Xobeh
Okawaru
Qazlal
Ru
Sif Muna
Trog
Uskayaw
Vehumet
Wu Jian
Xom
Yredelemnul
Zin
The Shining One
Lugonu

Shops:
D:2 [   D:10 *

Annotations:
D:10 1 runed translucent door


Innate Abilities, Weirdness & Mutations

Your serpentine skin is tough. (AC +3)
You have supernaturally acute eyesight. (SInv)
Armour fits poorly on your strangely shaped body.
Your system is resistant to poisons. (rPois)
You cover ground very slowly.
You can spit poison.
You have a snake-like lower body.


Message History

* * * LOW HITPOINT WARNING * * *
The death knight hits you with a +0 halberd.
* * * LOW HITPOINT WARNING * * *
Casting: Searing Ray (safe; 1% risk of failure)
Confirm with . or Enter, or press ? or * to list all spells.
You erupt in a blast of force!
The mystic blast hits the death knight.
You kill the death knight!
Cheibriados appreciates the change of pace.
Things that are here:
a +0 halberd; a +0 chain mail You start resting.
A brown ugly thing comes into view.
Okay, then.
Unknown command.
Casting: Iskenderun's Mystic Blast (dangerous; 3% risk of failure)
Confirm with . or Enter, or press ? or * to list all spells.
You conjure a globe of magical energy.
The brown ugly thing gurgles horribly!
Casting: Iskenderun's Battlesphere (mildly dangerous; 1% risk of failure)
Confirm with . or Enter, or press ? or * to list all spells.
Aiming: Searing Ray (safe; 1% risk of failure)
Press: ? - help, Shift-Dir - straight line, f - brown ugly thing
Aim: a brown ugly thing (83% to hit)
The searing ray hits the brown ugly thing but does no damage. (Press . to maintain the ray.)
Your battlesphere fires!
The barrage of energy hits the brown ugly thing!
The brown ugly thing is moderately wounded.
The searing ray misses the brown ugly thing.
The barrage of energy hits the brown ugly thing.
The brown ugly thing is moderately wounded.
The brown ugly thing headbutts you.
You are splashed with acid!
The brown ugly thing headbutts you!
* * * LOW HITPOINT WARNING * * *
You are splashed with acid.
* * * LOW HITPOINT WARNING * * *
The brown ugly thing headbutts you!
* * * LOW HITPOINT WARNING * * *
You are splashed with acid!
You die...

#........##....##...##.##.#....#.
##...###.#'#########[##'##'######
###.###..#.##........)##.##......
........##.##.#######.##.##..#.#.
###.##..#...##.......##...##..#.#
# #.##.###.###.#####.##...##...#.
# #.#..#.....##....(##.....##.#.#
# #.#.####.####.###.##.....##..#.
# #...#[......##@*.##.#####.##...
#..#####.#####u#.##)# .##...
###..#[........##.##..# ..##.#
....)#[###.###.##.##..# .# .#
.....'## ### #####..### #
....[############################
.................[...............
.[...#########......####.....###.
###.## #.#.##.# #.##..##..


You could see a brown ugly thing and a friendly battlesphere.

Vanquished Creatures
  Erica (D:8)
  A death knight (D:10)
  An orc knight (D:10)
  A cyclops (D:9)
  Joseph (D:7)
  Maggie (D:7)
  Psyche (D:9)
  A troll (D:10)
  Sigmund (D:2)
  2 wraiths
  A vampire mosquito (D:10)
  2 yaks
  An acid dragon (D:10)
  A water moccasin (D:9)
  Duvessa (D:7)
  4 orc warriors (D:10)
  A sky beast (D:6)
  A black bear (D:7)
  2 ice beasts
  A necrophage (D:7)
  2 ogres
  6 centaurs
  A phantom (D:5)
  6 kobold brigands
  2 bullfrogs
  A gnoll sergeant (D:6)
  4 scorpions
  A wyvern zombie (D:9)
  Dowan (D:7)
  A water moccasin skeleton (D:4)
  24 killer bees
  A wight (D:10)
  3 howler monkeys
  3 bullfrog zombies
  3 centaur zombies
  2 hounds
  Crazy Yiuf (D:2)
  An orc priest (D:6)
  3 orc wizards
  Jessica (D:2)
  A gnoll shaman (D:5)
  Terence (D:3)
  5 iguanas
  Natasha (thrice) (D:2)
  A killer bee zombie (D:7)
  A hound zombie (D:5)
  7 adders
  25 gnolls
  A shadow imp (D:5)
  3 white imps
  2 adder skeletons (D:4)
  2 dart slugs (D:1)
  16 orcs
  7 ball pythons
  4 endoplasms
  3 giant cockroaches
  6 goblins
  8 hobgoblins
  10 jackals
  36 kobolds
  2 quokkas
  4 bats
  2 frilled lizards (D:1)
  5 rats (D:1)
248 creatures vanquished.

Vanquished Creatures (others)
  10 fulminant prisms
10 creatures vanquished.

Grand Total: 258 creatures vanquished

Notes
Turn   | Place    | Note
-------+----------+-------------------------------------------
     0 | D:1      | Gwenloh the Naga Conjurer began the quest for the Orb.
     0 | D:1      | Reached XP level 1. HP: 15/15 MP: 3/3
   324 | D:1      | Reached XP level 2. HP: 22/22 MP: 5/5
   327 | D:1      | Learned a level 2 spell: Searing Ray
   816 | D:1      | Found a faded altar of an unknown god.
   905 | D:1      | Reached XP level 3. HP: 28/28 MP: 4/6
   981 | D:1      | Learned a level 3 spell: Dazzling Flash
  1605 | D:2      | Noticed Natasha
  1609 | D:2      | Killed Natasha
  1610 | D:2      | Reached skill level 5 in Conjurations
  1610 | D:2      | Reached XP level 4. HP: 27/36 MP: 2/8
  1648 | D:2      | Noticed Natasha
  1678 | D:2      | Killed Natasha
  1779 | D:2      | Found a runed translucent door.
  1780 | D:2      | Noticed Crazy Yiuf
  1807 | D:2      | Noticed Natasha
  1819 | D:2      | Killed Natasha
  1820 | D:2      | Reached XP level 5. HP: 34/42 MP: 2/9
  1939 | D:2      | Found a sacrificial altar of Ru.
  1996 | D:2      | Noticed Sigmund
  2004 | D:2      | Killed Sigmund
  2005 | D:2      | Reached skill level 6 in Conjurations
  2005 | D:2      | Reached XP level 6. HP: 31/49 MP: 0/11
  2113 | D:2      | Noticed Jessica
  2122 | D:2      | Killed Jessica
  2287 | D:2      | Found Noce's Armour Emporium.
  2497 | D:2      | Killed Crazy Yiuf
  3271 | D:3      | Upgraded the game from 0.28-a0-556-gab23d0e057 to
                  | 0.28-a0-563-gf77a47075d
  3419 | D:3      | Noticed Terence
  3432 | D:3      | Reached skill level 7 in Conjurations
  3444 | D:3      | HP: 2/49 [Terence (7)]
  3445 | D:3      | Killed Terence
  3446 | D:3      | Reached XP level 7. HP: 2/55 MP: 0/13
  3744 | D:3      | Learned a level 5 spell: Iskenderun's Battlesphere
  4429 | D:5      | Entered Level 5 of the Dungeon
  5915 | D:5      | Reached skill level 8 in Conjurations
  6149 | D:5      | Found a staircase to the Ecumenical Temple.
  6154 | Temple   | Entered the Ecumenical Temple
  6199 | Temple   | Became a worshipper of Cheibriados the Contemplative
  6280 | D:5      | Reached skill level 5 in Spellcasting
  6280 | D:5      | Reached XP level 8. HP: 30/63 MP: 1/15
  6550 | D:5      | Reached skill level 1 in Invocations
  6552 | D:5      | Reached skill level 1 in Fighting
  7425 | D:5      | Learned a level 4 spell: Iskenderun's Mystic Blast
  7623 | D:6      | Reached * piety under Cheibriados
  7624 | D:6      | Reached skill level 9 in Conjurations
  7696 | D:7      | Found an iron altar of Okawaru.
  8070 | D:6      | Reached XP level 9. HP: 74/74 MP: 12/17
  8524 | D:6      | Reached ** piety under Cheibriados
  8661 | D:6      | Found a shimmering altar of Xom.
  9170 | D:7      | Found a bloodstained altar of Trog.
  9407 | D:7      | Reached skill level 10 in Conjurations
  9498 | D:7      | Found a sparkling altar of Nemelex Xobeh.
  9609 | D:8      | Noticed Erica
  9609 | D:8      | Found a stormy altar of Qazlal.
  9783 | D:7      | Noticed Maggie
  9812 | D:7      | Noticed Duvessa
  9812 | D:7      | Noticed Dowan
  9821 | D:7      | Killed Duvessa
  9822 | D:7      | Killed Dowan
  9953 | D:7      | Noticed Joseph
  9966 | D:7      | Killed Joseph
 10287 | D:7      | Killed Maggie
 10288 | D:7      | Reached skill level 5 in Invocations
 10288 | D:7      | Reached XP level 10. HP: 87/87 MP: 6/19
 10469 | D:8      | Killed Erica
 10470 | D:8      | Reached skill level 5 in Fighting
 10470 | D:8      | Reached skill level 11 in Conjurations
 10875 | D:8      | Found an opulent altar of Gozag.
 10910 | D:8      | Reached *** piety under Cheibriados
 11549 | D:8      | Found an ancient bone altar of Kikubaaqudgha.
 11551 | D:8      | Found a glowing golden altar of the Shining One.
 11654 | D:8      | Found an ornate altar of the Wu Jian Council.
 11655 | D:8      | Found a white marble altar of Elyvilon.
 11808 | D:8      | Noticed an angel
 11809 | D:8      | Found a glowing silver altar of Zin.
 11845 | D:8      | Learned a level 4 spell: Fulminant Prism
 12017 | D:9      | Reached **** piety under Cheibriados
 12068 | D:9      | Noticed a cyclops
 12122 | D:9      | Killed a cyclops
 12278 | D:9      | Found a radiant altar of Vehumet.
 12348 | D:9      | Found a large runed translucent door.
 12348 | D:9      | Found a large runed translucent door.
 12509 | D:9      | Found a burning altar of Makhleb.
 12527 | D:9      | Noticed Psyche
 12535 | D:9      | Killed Psyche
 12945 | D:9      | Found a basalt altar of Yredelemnul.
 12948 | D:9      | Found a blossoming altar of Fedhas.
 12970 | D:10     | Entered Level 10 of the Dungeon
 12999 | D:10     | Found Orravingue's General Store.
 13010 | D:10     | Bought a scroll of blinking for 90 gold pieces
 13023 | D:10     | Reached skill level 12 in Conjurations
 13049 | D:10     | Reached XP level 11. HP: 88/97 MP: 6/22
 14775 | D:10     | Identified the +4 leather armour of Purpose {Stlth+}
 15542 | D:10     | Found a runed translucent door.
 15543 | D:10     | Noticed a cyclops
 15544 | D:10     | Noticed a centaur warrior
 15545 | D:10     | Noticed a cyclops
 15584 | D:10     | Noticed an ogre mage
 15584 | D:10     | Noticed an orc knight
 15585 | D:10     | Noticed a centaur warrior
 15588 | D:10     | Noticed a death knight
 15591 | D:10     | Noticed a cyan ugly thing
 15592 | D:10     | Noticed a cyclops
 15595 | D:10     | Noticed a cyclops
 15597 | D:10     | Killed an orc knight
 15889 | D:10     | Killed a death knight
 15965 | D:10     | Noticed a brown ugly thing
 15969 | D:10     | Splashed by a brown ugly thing's acid

Illustrated notes

Levels and vault maps discovered:
D:1:      amcnicky_arrival_blooded_trapdoor, layout_loops_ring,
          chequers_ecumenical_altar_simple
D:2:      layout_rooms, serial_shops, shop_statue, basic_altar, hex_medium,
          lemuel_another_geyser, uniq_sigmund, uniq_jessica, uniq_natasha,
          uniq_crazy_yiuf_cottage
D:3:      layout_basic, uniq_terence
D:4:      layout_layer_cave
D:5:      layout_loops_ring, minmay_temple_entry_statues_pillars,
          minmay_stone_trees_medium
D:6:      layout_basic, old_standard_altar
D:7:      layout_gridville, mainiacjoe_overflow_tiny_flanked,
          amcnicky_altar_gilded, mainiacjoe_overflow_24_doors,
          minmay_door_square, feat_on_display, uniq_joseph, uniq_duvessa,
          uniq_maggie
D:8:      layout_loops_ring, zin_angel, gammafunk_temple_overflow_statue,
          nicolae_qazlal_scattered_showers, nicolae_gozag_seed_capital,
          nicolae_overflow_hidden_temple, uniq_erica
D:9:      layout_rooms, mainiacjoe_overflow_alcove_1,
          mainiacjoe_overflow_surrounded_room, jmf_multi_god_temple2,
          uniq_psyche
D:10:     minmay_the_grid_triangle_9x9_rhombus_full
          [minmay_the_grid_triangle_9x9_longest,
          minmay_the_grid_triangle_9x9_subtriangle,
          minmay_the_grid_triangle_9x9_skeleton,
          minmay_the_grid_triangle_9x9_flanged_cone,
          minmay_the_grid_triangle_9x9_intruding_spiral,
          minmay_the_grid_triangle_9x9_limited_checkers,
          minmay_the_grid_triangle_9x9_swiss_cheese,
          minmay_the_grid_triangle_9x9_prize_insulated], layout_loops_corners,
          serial_shops, nicolae_shop_trees, hangedman_decor_opposing,
          minmay_misc_feat_pillars, kennysheep_generic_room_14
Temple:   corrupted_temple

Skill      XL: |  1  2  3  4  5  6  7  8  9 10 11 |
---------------+----------------------------------+-----
Conjurations   | 5 6 7 8 9 10 12 | 12.7
Spellcasting   | 3 4 5 6 7 8 |  8.1
Invocations    | 3 5 6 7 |  7.5
Fighting       | 2 4 6 |  6.8
Dodging        | |  1.5
Stealth        | |  3.0

Action                   |  1- 3 |  4- 6 |  7- 9 | 10-12 || total
-------------------------+-------+-------+-------+-------++-------
Melee: Unarmed           |     6 |       |       |       ||     6
       Dagger            |     1 |     1 |     6 |    32 ||    40
 Cast: Magic Dart        |    51 |    33 |    94 |    33 ||   211
       Searing Ray       |       |    14 |    73 |    51 ||   138
       Dazzling Flash    |       |     3 |       |       ||     3
       Iskenderun's Batt |       |       |    13 |    10 ||    23
       Iskenderun's Myst |       |       |     4 |    14 ||    18
       Fulminant Prism   |       |       |       |    10 ||    10
Invok: Bend Time         |       |       |     2 |     2 ||     4
 Abil: Spit Poison       |    21 |    15 |    20 |     8 ||    64
Evoke: Wand              |       |       |       |     6 ||     6
  Use: Potion            |       |     1 |       |     2 ||     3
       Scroll            |       |       |       |    11 ||    11
Armor: Robe              |     2 |       |       |       ||     2
       Skin              |       |     8 |    23 |       ||    31
       Steam dragon scal |       |       |       |    63 ||    63
Dodge: Dodged            |    13 |    15 |    49 |    77 ||   154

Table legend: (Time is in decaauts)
 A = Elapsed time spent in this place.
 B = Non-inter-level travel time spent in this place.
 C = Inter-level travel time spent in this place.
 D = Time resting spent in this place.
 E = Time spent auto-exploring this place.
 F = Levels seen in this place.
 G = Mean time per level.
                   A        B        C        D        E       F      G
               +--------+--------+--------+--------+--------+-----+--------+
         Total |  22122 |  21643 |    479 |   6694 |   5740 |  11 | 2011.1 |
       Dungeon |  22030 |  21576 |    454 |   6694 |   5713 |  10 | 2203.0 |
        Temple |     91 |     66 |     25 |      0 |     26 |   1 |   91.0 |
               +--------+--------+--------+--------+--------+-----+--------+

Top non-repeatable levels by time:
    D:10: 4593 daAuts
     D:7: 2283 daAuts
     D:8: 2248 daAuts
     D:4: 2171 daAuts
     D:6: 2014 daAuts
     D:5: 2004 daAuts
     D:1: 1873 daAuts
     D:9: 1860 daAuts
     D:3: 1774 daAuts
     D:2: 1207 daAuts
  Temple: 91 daAuts
